Map: Stargazers

Players

hayst - Winner!

  • Race: Terran Terran
  • Spawn Location: 11:00

Yulik

  • Race: Protoss Protoss
  • League: Silver
  • Spawn Location: 1:00

VOD

Have the link to the VOD?

Description

protoss do rush with probs

Time

  • Played on: Jan. 15, 2023, 5:49 a.m.
  • Length: 13:56
Show
View Real Time Build Order
Export as new Build Order

hayst Terran - Winner!

Build Orders:  

Get SALT Encoding   

  12  0:00  SCV  
  13  0:14  SCV  
  13  0:18  Supply Depot  
  14  0:26  SCV  
  15  0:29  Refinery  
  15  0:43  Barracks  
  15  0:45  SCV  
  16  0:57  SCV  
  15  1:52  Supply Depot  
  15  2:09  SCV  
  16  2:21  SCV  
  17  2:24  Marine  
  18  2:42  Marine  
  19  2:47  SCV  
  20  2:59  SCV  
  20  3:01  Marine  
  22  3:19  Marine  
  23  3:31  Factory  
  23  3:36  Marine  
  23  3:37  Refinery  
  24  3:54  Marine  
  20  4:09  Orbital Command  
  20  4:12  Marine  
  21  4:19  Starport  
  21  4:21  Factory Tech Lab  
  21  4:30  Marine, Barracks  
  22  4:37  SCV  
  23  4:46  Siege Tank  
  23  4:49  Marine  
  27  5:05  Supply Depot  
  27  5:06  Starport Tech Lab  
  27  5:07  Marine  
  27  5:11  SCV  
  29  5:23  SCV  
  30  5:30  Medivac  
  32  5:50  Marine  
  32  5:53  Barracks Tech Lab  
  32  5:55  Siege Tank  
  36  6:00  Medivac  
  38  6:06  Supply Depot  
  38  6:08  Marine  
  39  6:13  Command Center  
  39  6:27  Marine, SCV  
  39  6:32  Armory  
  41  6:36  Siege Tank  
  41  6:39  SCV  
  45  6:46  Supply Depot  
  45  6:51  SCV  
  46  7:06  Combat Shield  
  46  7:09  Marine  
  46  7:10  Marine  
  48  7:16  Siege Tank  
  51  7:25  Orbital Command  
  51  7:27  Marine x2  
  53  7:31  Refinery  
  53  8:12  Terran Vehicle Weapons Level 1  
  53  8:14  Thor  
  53  8:18  Marine  
  60  8:36  Marine  
  61  8:54  Marine  
  61  9:18  Medivac  
  63  9:31  Marine x2  
  65  9:48  Medivac  
  65  9:49  Marine x2  
  69  10:42  Medivac  
  68  12:52  SCV  
  68  12:55  Marine  
  70  12:59  Supply Depot  
  70  13:21  Marine, SCV  
  70  13:22  Supply Depot  
  78  13:43  SCV  
Show
View Real Time Build Order
Export as new Build Order

Yulik Protoss 

Build Orders:  

Get SALT Encoding   

  12  0:01  Probe  
  13  0:17  Probe  
  14  0:29  Probe  
  15  0:49  Pylon  
  15  1:07  Probe  
  16  1:23  Forge  
  16  2:37  Photon Cannon  
  16  2:50  Pylon  
  16  3:01  Assimilator  
  16  3:05  Assimilator  
  16  3:11  Photon Cannon  
  16  3:18  Gateway  
  16  3:24  Pylon  
  16  3:27  Pylon  
  16  3:42  Photon Cannon  
  16  3:47  Probe  
  17  4:00  Photon Cannon  
  17  4:16  Cybernetics Core  
  17  4:22  Photon Cannon  
  17  4:29  Probe  
  18  4:42  Probe  
  19  4:49  Zealot  
  21  4:54  Probe  
  22  5:06  Probe  
  23  5:15  Gateway  
  23  5:16  Stalker  
  23  5:18  Probe  
  26  5:40  Probe  
  27  5:53  Pylon, Probe  
  28  5:57  Stalker  
  30  6:05  Probe  
  30  6:07  Pylon  
  30  6:09  Pylon  
  31  6:27  Stalker  
  31  6:29  Probe  
  31  6:30  Protoss Air Weapons Level 1  
  34  6:41  Probe  
  35  6:57  Nexus  
  35  7:10  Stargate  
  35  7:11  Stargate  
  35  7:13  Stargate  
  35  7:31  Pylon  
  35  7:47  Photon Cannon  
  35  7:59  Photon Cannon  
  35  8:09  Fleet Beacon  
  35  8:15  Stalker  
  37  8:21  Probe  
  38  8:33  Assimilator, Probe  
  39  8:38  Assimilator  
  39  8:45  Stalker, Probe  
  42  9:14  Photon Cannon  
  42  9:15  Photon Cannon, Nexus  
  42  9:22  Probe  
  43  9:28  Assimilator  
  43  9:33  Assimilator  
  43  9:34  Probe  
  44  9:46  Probe  
  45  9:58  Photon Cannon, Probe  
  46  10:01  Photon Cannon x2  
  46  10:02  Photon Cannon  
  46  10:10  Probe  
  41  11:11  Probe  
  40  11:15  Probe  
  41  11:23  Probe  
  40  11:27  Probe  
  39  11:39  Probe  
  38  11:54  Probe  
  29  12:03  Pylon  
  29  12:06  Probe  
  25  12:19  Probe  
  23  12:25  Forge  
  23  12:32  Probe  
  23  12:35  Pylon  
  12  12:45  Probe  
  13  12:57  Probe  
  14  13:07  Gateway  
  14  13:09  Gateway  
  14  13:17  Photon Cannon  
  14  13:21  Probe  
  15  13:33  Probe  
Tags
 
League
Silver
Matchup
PvT
Spawn Locations
Close Positions
Add a new tag
Caveats
  • Supply blocks, unpowered buildings, or Contaminate may cause inaccurate times.
  • Supply counts are checked every 10 seconds.